 Dungeon Crawl Stone Soup version 0.29-a0-887-gcbe080d7e0 (webtiles) character file.

Game seed: 17126069175660655135

32 flotson the Sneak (level 3, 0/29 HPs)
             Began as a Demonspawn Delver on July 22, 2022.
             Slain by an orc
             ... wielding a +3 dagger of venom
              (3 damage)
             ... on level 5 of the Dungeon.
             The game lasted 00:01:01 (90 turns).

flotson the Sneak (Demonspawn Delver)                 Turns: 90, Time: 00:01:02

Health: 0/29       AC:  3    Str: 14    XL:     3   Next: 8%
Magic:  3/3        EV: 12    Int: 11    God:
Gold:   12         SH:  0    Dex: 14    Spells: 2/2 levels left

rFire   . . .      SeeInvis .   a - +0 spear
rCold   . . .      Faith    .   (no shield)
rNeg    . . .      Spirit   .   b - +0 leather armour
rPois   .          Reflect  .   (no helmet)
rElec   .          Harm     .   (no cloak)
rCorr   .          Rampage  .   (no gloves)
Will    .....                   (no boots)
Stlth   +.........              (no amulet)
HPRegen 0.09/turn               (no ring)
MPRegen 0.08/turn               (no ring)

@: lethally poisoned (0 -> -6), very slow
A: hooves 1, spiny 1
a: no special abilities


You were on level 5 of the Dungeon.
You visited 1 branch of the dungeon, and saw 1 of its levels.

You collected 12 gold pieces.

Inventory:

Hand Weapons
 a - a +0 spear (weapon)
Armour
 b - a +0 leather armour (worn)
Wands
 g - a wand of digging (3)
Scrolls
 c - a scroll of fog
 e - a scroll of fear


   Skills:
 + Level 3.3 Fighting
 + Level 0.8(1.4) Axes
 - Level 1.7(1.9) Polearms
 + Level 0.9 Armour
 + Level 2.1 Dodging
 - Level 4.5 Stealth
 + Level 1.0 Evocations


You had 2 spell levels left.
You didn't know any spells.
Your spell library was empty.

Dungeon Overview and Level Annotations

Branches:
Dungeon (5/15)
 Temple: D:4-7

Altars:


Innate Abilities, Weirdness & Mutations

You have large cloven feet.
You are partially covered in sharp spines.


Message History

The orc wizard casts a spell.
The orc wizard flickers and vanishes!
Deactivating autopickup; reactivate with Ctrl-A.
You open the door.
There is an open door here.
Your extra speed is starting to run out.
You hear the slow rusting of a drain very nearby.
You feel yourself slow down.
Found a scroll labelled YRODDU PUPACVI.
Found a stone staircase leading down.
You enter the shallow water.
Moving in this stuff is going to be slow.
The orc suddenly roars.
A rat, a worm and a quokka come into view.
A rat comes into view.
The rat bites you but does no damage. The rat bites you.
You hit the rat.
You kill the rat!
Your unstable footing causes you to fumble your attack.
You completely miss the orc.
The orc hits you with a +3 dagger of venom.
You are poisoned.
You closely miss the orc.
You feel sick.
The orc splashes around in the water.
You hit the orc but do no damage. Your kick misses the orc.
You feel sick.
The orc hits you with a +3 dagger of venom.
* * * LOW HITPOINT WARNING * * *
You are lethally poisoned!
You closely miss the orc. You kick the orc, but do no damage.
* * * LOW HITPOINT WARNING * * *
You feel sick.
The orc splashes around in the water.
The worm closely misses you.
Your unstable footing causes you to fumble your attack.
* * * LOW HITPOINT WARNING * * *
You feel sick.
The orc splashes around in the water.
The worm is struck by your spines. The worm bites you but does no damage.
You hit the orc but do no damage. You kick the orc.
The orc is lightly wounded.
* * * LOW HITPOINT WARNING * * *
You feel sick. The orc is struck by your spines.
The orc hits you with a +3 dagger of venom.
You die...

*****,,,*,,,,,...#****
*,,,*,,.....?#
*,,,*,,,.....#****
*,,,*,,,>....+,,,,
*,,,*,,,,....#****
####,*####....#
##≈≈####≈≈##...#
#≈≈≈o≈≈≈≈≈≈..#**
##≈@####≈≈##.#
#w##≈≈####..#
#r#≈≈≈≈≈≈#..#######
#r#≈∩≈≈≈≈#.......o.
#≈#*≈≈**≈##########
*#≈≈****≈≈**
*≈≈≈≈≈≈≈≈≈≈******
*#≈≈****≈≈**,,,,****
####,*****,,,,,+,,*


You could see a worm, an orc, a quokka and a rat.

Vanquished Creatures
  A hound (D:5)
  A rat (D:5)
2 creatures vanquished.

Notes
Turn   | Place    | Note
-------+----------+-------------------------------------------
     0 | D:5      | flotson the Demonspawn Delver began the quest for the Orb.
     0 | D:5      | Reached XP level 1. HP: 18/18 MP: 1/1
     8 | D:5      | Noticed a scorpion
     8 | D:5      | Noticed a hound
    25 | D:5      | Killed a hound
    26 | D:5      | Reached skill level 1 in Evocations
    26 | D:5      | Gained mutation: You are partially covered in sharp spines.
                  | [demonic ancestry]
    26 | D:5      | Reached XP level 2. HP: 12/24 MP: 2/2
    26 | D:5      | Gained mutation: You have large cloven feet. [demonic
                  | ancestry]
    26 | D:5      | Reached XP level 3. HP: 15/29 MP: 3/3
    90 | D:5      | Slain by an orc

Illustrated notes

Levels and vault maps discovered:
D:5:      layout_basic, gup_sewer_entry_bubbles, uniq_crazy_yiuf_cottage

Skill      XL: |  1 |
---------------+----+-----
Dodging        | 2 |  2.1
Evocations     | 1 |  1.0
Fighting       | |  3.3
Axes           | |  0.8
Polearms       | |  1.7
Armour         | |  0.9
Stealth        | |  4.5

Action                   || total
-------------------------++-------
Melee: Spear             ||    20
       Kick              ||     2
  Use: Scroll            ||     1
       Potion            ||     1
Armor: Leather armour    ||     3
Dodge: Dodged            ||     6

Table legend: (Time is in decaauts)
 A = Elapsed time spent in this place.
 B = Non-inter-level travel time spent in this place.
 C = Inter-level travel time spent in this place.
 D = Time resting spent in this place.
 E = Time spent auto-exploring this place.
 F = Levels seen in this place.
 G = Mean time per level.
                   A        B        C        D        E       F      G
               +--------+--------+--------+--------+--------+-----+--------+
         Total |     76 |     76 |      0 |      0 |      0 |   1 |   76.0 |
       Dungeon |     76 |     76 |      0 |      0 |      0 |   1 |   76.0 |
               +--------+--------+--------+--------+--------+-----+--------+

Top non-repeatable levels by time:
     D:5: 76 daAuts
